[Event "Late-Titled-Tuesday-Blitz-April-30-2024"]
[Site "Chess.com"]
[Date "2024.04.30"]
[Round "9"]
[White "BardArtem"]
[Black "anasta10"]
[Result "1/2-1/2"]
[WhiteElo "2783"]
[BlackElo "2613"]
[TimeControl "180+1"]
[EndTime "15:46:46 PDT"]
[Termination "Game drawn by stalemate"]

1. e4 g6 2. d4 Bg7 3. Nc3 d6 4. Nf3 a6 5. Bc4 b5 6. Bd5 c6 7. Bb3 b4 8. Ne2 a5 9. c3 Nf6 10. Ng3 O-O 11. O-O c5 12. dxc5 dxc5 13. e5 Qxd1 14.
Rxd1 Ng4 15. Bf4 a4 16. Bd5 Ra6 17. cxb4 cxb4 18. Rac1 Be6 19. Bxe6 fxe6 20. Rc4 Nc6 21. Re4 h6 22. h3 g5 23. hxg4 Rxf4 24. Rde1 Rxe4 25.
Rxe4 Ra5 26. Rc4 Nxe5 27. Rxb4 a3 28. Nxe5 Bxe5 29. b3 Rd5 30. Ra4 Bd6 31. b4 Rd3 32.
Nf1 Kf7 33. Ne3 Rc3 34. Kf1 Bf4 35. Ke2 Bxe3 36. fxe3 Rc2+ 37. Kf3 Rxa2 38. b5 Rb2 39. Rxa3 Rxb5 40. Ra8 Kg6 41. Rg8+ Kf7 42. Ra8 Rd5 43. Rh8 Kg7 44. Re8 Rd7 45. Ra8 Kf7 46. Ke4 Rd2 47. g3 Rg2 48. Kf3 Rc2 49. Rh8 Kg7 50.
Rb8 Ra2 51. Rb7 Kf6 52. Rb5 Ra3 53. Rb8 Kf7 54. Rh8 Kg7 55. Rc8 Kf7 56. Rc4 Kg7 57.
Re4 Kf6 58. Rd4 Ra1 59. Rb4 Rf1+ 60. Ke2 Ra1 61. Rb8 Kg7 62. Kd3 Rg1 63. Rb7 Rxg3 64.
Rxe7+ Kf6 65. Rh7 Kg6 66. Re7 Kf6 67. Rh7 Rxg4 68. Rxh6+ Ke5 69. Rg6 Rg1 70. Rg8 Rg2 71. Rg7 Kf5 72. Rf7+ Ke5 73. Rg7 Kf6 74. Rg8 Kf5 75.
Rf8+ Ke5 76. Rg8 g4 77. Rg5+ Kf6 78. Rg8 Kf5 79. Rf8+ Ke5 80. Rg8 g3 81. Rg7 Kf5 82. Rg8 e5 83. Rf8+ Ke6 84. Ke4 Rf2 85. Rg8 g2 86.
Rg6+ Kf7 87. Rg3 Kf6 88. Rg4 Ra2 89. Kf3 Kf5 90. e4+ Ke6 91. Rxg2 Ra3+ 92. Kg4 Re3 93.
Ra2 Rxe4+ 94. Kf3 Rd4 95. Ke3 Rg4 96. Rh2 Kd5 97. Rd2+ Rd4 98. Rxd4+ exd4+ 99. Kd3 Ke5 100. Kd2 Ke4 101. Ke2 d3+ 102. Kd2 Kd4 103. Kd1 Kc3 104. Kc1 d2+ 105. Kd1 Kd3 1/2-1/2

[Event "Late-Titled-Tuesday-Blitz-April-30-2024"]
[Site "Chess.com"]
[Date "2024.04.30"]
[Round "10"]
[White "Pig-filth"]
[Black "ImportedItalianMaple"]
[Result "1/2-1/2"]
[WhiteElo "2329"]
[BlackElo "2466"]
[TimeControl "180+1"]
[EndTime "15:47:47 PDT"]
[Termination "Game drawn by repetition"]

1. d4 g6 2. e4 Bg7 3. Nc3 d5 4. exd5 Nf6 5. Bc4 Nbd7 6. Bb3 Nb6 7. Qf3 a5 8. a4 Bg4 9. Qg3 Bf5 10. Qf3 Bg4 11. Qg3 Bf5 12. Qf3 Bg4 1/2-1/2

[Event "Late-Titled-Tuesday-Blitz-April-30-2024"]
[Site "Chess.com"]
[Date "2024.04.30"]
[Round "10"]
[White "ChristopherYoo"]
[Black "platy3"]
[Result "1-0"]
[WhiteElo "3032"]
[BlackElo "2878"]
[TimeControl "180+1"]
[EndTime "15:48:53 PDT"]
[Termination "ChristopherYoo won by resignation"]

1. e4 c5 2. Nf3 e6 3. d4 cxd4 4. Nxd4 Nc6 5. Nc3 Qc7 6. Be3 a6 7. Qf3 Ne5 8. Qg3 h5 9. Nf5 f6 10. O-O-O exf5 11. Nd5 Qc6 12. Bb6 fxe4 13. Nc7+ Kf7 14.
Qb3+ d5 15. Nxa8 Nc4 16. Rxd5 1-0

[Event "Late-Titled-Tuesday-Blitz-April-30-2024"]
[Site "Chess.com"]
[Date "2024.04.30"]
[Round "10"]
[White "Kostukov_Alex"]
[Black "TheMagician"]
[Result "1-0"]
[WhiteElo "2377"]
[BlackElo "2141"]
[TimeControl "180+1"]
[EndTime "15:49:27 PDT"]
[Termination "Kostukov_Alex won by resignation"]

1. g3 d5 2. Bg2 c6 3. d3 Bf5 4. e4 dxe4 5. dxe4 Qxd1+ 6. Kxd1 Bg4+ 7. f3 Bc8 8. Be3 e5 9. Nd2 Be6 10. Bh3 Bxh3 11. Nxh3 Nd7 12. Ke2 Bc5 13. Nc4 Bxe3 14. Kxe3 Ke7 15. Rhd1 f6 16. Nd6 Rb8 17. Nf5+ Ke8 18.
Nxg7+ Ke7 19. Nf5+ Ke8 20. Rd6 Ne7 21. Ng7+ 1-0

[Event "Late-Titled-Tuesday-Blitz-April-30-2024"]
[Site "Chess.com"]
[Date "2024.04.30"]
[Round "10"]
[White "Anton_Demchenko"]
[Black "osielchesslover2011"]
[Result "1-0"]
[WhiteElo "2876"]
[BlackElo "2261"]
[TimeControl "180+1"]
[EndTime "15:49:51 PDT"]
[Termination "Anton_Demchenko won by checkmate"]

1. e4 c5 2. Nf3 d6 3. d4 cxd4 4. Qxd4 Nc6 5. Qe3 Nf6 6. Nc3 e6 7. b3 Be7 8. Bb2 O-O 9. O-O-O a6 10. Rg1 Qc7 11. g4 b5 12. g5 Nd7 13. h4 b4 14. Na4 Nc5 15. Nxc5 dxc5 16. h5 Bd6 17. Kb1 Bf4 18. Qxc5 Bb7 19. g6 fxg6 20. Bc4 Rad8 21. Bxe6+ Kh8 22. Rd7 Rxd7 23. Qxf8# 1-0

[Event "Late-Titled-Tuesday-Blitz-April-30-2024"]
[Site "Chess.com"]
[Date "2024.04.30"]
[Round "10"]
[White "ameetghasi100"]
[Black "yaguigor"]
[Result "1-0"]
[WhiteElo "2793"]
[BlackElo "2554"]
[TimeControl "180+1"]
[EndTime "15:49:55 PDT"]
[Termination "ameetghasi100 won by resignation"]

1. b3 d5 2. Bb2 Bg4 3. Nf3 Nd7 4. g3 c6 5. Bg2 Ngf6 6. O-O e6 7. d3 Bd6 8. Nbd2 Qe7 9. a3 e5 10. e4 dxe4 11.
dxe4 O-O 12. h3 Bxf3 13. Qxf3 b5 14. Qe2 a6 15. Nf3 Rfe8 16. Rfd1 Bc7 17. Nh4 g6 18. Bc1 Nh5 19. Nf5 Qe6 20. h4 Ng7 21.
Nh6+ Kh8 22. Bh3 Qxh3 23. Nxf7+ Kg8 24. Ng5 1-0

[Event "Late-Titled-Tuesday-Blitz-April-30-2024"]
[Site "Chess.com"]
[Date "2024.04.30"]
[Round "10"]
[White "HandKnit"]
[Black "mjelcic"]
[Result "1-0"]
[WhiteElo "2495"]
[BlackElo "2326"]
[TimeControl "180+1"]
[EndTime "15:50:07 PDT"]
[Termination "HandKnit won by resignation"]

1. c4 g6 2. Nf3 Bg7 3. g3 c5 4. Bg2 Nc6 5. O-O Nf6 6. Nc3 O-O 7. d4 d5 8. cxd5 Nxd5 9. Nxd5 Qxd5 10. Be3 cxd4 11.
Nxd4 Qe5 12. Nxc6 bxc6 13. Bxc6 Rb8 14. Bf4 Qxb2 15. Bxb8 Qxa1 16. Qxa1 Bxa1 17. Rxa1 Ba6 18. Bxa7 Bxe2 19. Be3 f5 20. a4 e5 21. f4 Rc8 22.
Bb5 Bxb5 23. axb5 Rb8 24. b6 exf4 25. gxf4 h6 26. Ra7 g5 27. Kf2 gxf4 28. Bd4 1-0

[Event "Late-Titled-Tuesday-Blitz-April-30-2024"]
[Site "Chess.com"]
[Date "2024.04.30"]
[Round "10"]
[White "db-banana"]
[Black "KebabJangles"]
[Result "1-0"]
[WhiteElo "2471"]
[BlackElo "2330"]
[TimeControl "180+1"]
[EndTime "15:50:23 PDT"]
[Termination "db-banana won by resignation"]

1. e4 c5 2. Nf3 e6 3. g3 d5 4.
exd5 exd5 5. Bg2 Nf6 6. O-O Be7 7. d4 O-O 8. dxc5 Bxc5 9. Nbd2 Nc6 10. Nb3 Bb6 11.
Bg5 Be6 12. c3 h6 13. Bf4 Qd7 14. Nbd4 Ne4 15. Re1 Rad8 16. Ne5 Nxe5 17. Bxe5 f5 18. Bxe4 fxe4 19. Qd2 Bxd4 20. Qxd4 Bg4 21. f4 exf3 22. Kf2 Qf7 23. Qxg4 h5 24. Qg5 g6 25. Qh6 Qh7 26.
Qxh7+ Kxh7 27. Re3 Rde8 28. Rae1 Rf5 29. Bd4 Ref8 30.
Re7+ R8f7 31. Rxf7+ Rxf7 32. Re3 1-0

[Event "Late-Titled-Tuesday-Blitz-April-30-2024"]
[Site "Chess.com"]
[Date "2024.04.30"]
[Round "10"]
[White "Legendinunknown"]
[Black "Msb2"]
[Result "0-1"]
[WhiteElo "2811"]
[BlackElo "3025"]
[TimeControl "180+1"]
[EndTime "15:50:51 PDT"]
[Termination "Msb2 won by resignation"]

1. e4 e6 2. d3 d5 3. Nd2 Nf6 4. Ngf3 Be7 5. g3 a5 6. Bg2 a4 7. a3 c5 8. O-O Nc6 9. Qe2 h6 10. Rd1 O-O 11. Nf1 b5 12. h4 Ba6 13. Qe1 b4 14. N1h2 bxa3 15. bxa3 Nd4 16. Nxd4 cxd4 17.
e5 Nh7 18. Qe2 Rc8 19. Ra2 Kh8 20. Qh5 f5 21. exf6 Nxf6 22. Qg6 Qe8 23. Qxe8 Rfxe8 24. Bh3 Rc6 25. Re1 Bd6 26. Rxe6 Rxe6 27. Bxe6 Bxg3 28. fxg3 Rxe6 29. Nf3 Re2 30. Kf1 Bxd3 31. Kg1 Be4 0-1

[Event "Late-Titled-Tuesday-Blitz-April-30-2024"]
[Site "Chess.com"]
[Date "2024.04.30"]
[Round "10"]
[White "Payyappat"]
[Black "Andrii_Prydun"]
[Result "0-1"]
[WhiteElo "2494"]
[BlackElo "2400"]
[TimeControl "180+1"]
[EndTime "15:50:56 PDT"]
[Termination "Andrii_Prydun won by resignation"]

1. e4 c5 2. Nf3 d6 3. d4 cxd4 4.
Nxd4 Nf6 5. Nc3 a6 6. h4 Ra7 7. Be3 Ng4 8. Bc4 Nxe3 9. fxe3 e6 10. Qf3 b5 11. Bb3 Be7 12. O-O-O O-O 13. g4 Bb7 14. g5 Nd7 15. Rdg1 Ne5 16. Qf4 Qa8 17. h5 b4 18. Nce2 Bxe4 19. Rh4 Bd5 20. Qg3 Bxb3 21. axb3 a5 22. g6 fxg6 23. hxg6 Bxh4 24. gxh7+ Kh8 25. Qxh4 a4 26. Nf4 axb3 27. Nxb3 Ra1+ 28. Nxa1 Qxa1+ 29. Kd2 Qxg1 30. Qe7 Qf2+ 31. Kd1 Qf3+ 0-1

[Event "Late-Titled-Tuesday-Blitz-April-30-2024"]
[Site "Chess.com"]
[Date "2024.04.30"]
[Round "10"]
[White "manitodeplomo"]
[Black "GoltsevDmitry2000"]
[Result "1/2-1/2"]
[WhiteElo "2625"]
[BlackElo "2802"]
[TimeControl "180+1"]
[EndTime "15:51:02 PDT"]
[Termination "Game drawn by repetition"]

1. d4 e6 2. c4 d5 3. Nf3 dxc4 4. e3 c5 5. Bxc4 Nc6 6. O-O Nf6 7. Nc3 cxd4 8. exd4 Bd6 9. Bg5 O-O 10. d5 Ne5 11. Bb3 Nxf3+ 12. Qxf3 Be7 13. Rad1 Nxd5 14. Bxe7 Qxe7 15. Nxd5 exd5 16. Rfe1 Be6 17. Bxd5 Bxd5 18. Rxe7 Bxf3 19. gxf3 b5 20. Rdd7 a5 21. Rb7 b4 22.
Re5 Rfd8 23. Rbb5 g6 24. Rxa5 Rac8 25. Rec5 Rb8 26. Rcb5 Rbc8 27. Rc5 Rb8 28. Rcb5 Rbc8 29. Rc5 1/2-1/2

[Event "Late-Titled-Tuesday-Blitz-April-30-2024"]
[Site "Chess.com"]
[Date "2024.04.30"]
[Round "10"]
[White "Bryanl106"]
[Black "SVijayalakshmi"]
[Result "1-0"]
[WhiteElo "2692"]
[BlackElo "2575"]
[TimeControl "180+1"]
[EndTime "15:51:13 PDT"]
[Termination "Bryanl106 won by resignation"]

1. e4 e5 2. Nf3 Nc6 3. Nc3 Nf6 4.
a3 Bc5 5. Nxe5 Bxf2+ 6. Kxf2 Nxe5 7. d4 Nfg4+ 8. Kg1 Qf6 9. Qd2 Nc6 10. Nd5 Qd6 11. Qg5 Qg6 12. Qxg6 hxg6 13. Nxc7+ Kd8 14. Nxa8 Nxd4 15. Bf4 Ne6 16. Bg3 Ne3 17. Re1 Nxc2 18. Rc1 Ncd4 19. Nc7 b6 20. Nxe6+ Nxe6 21. Bd6 Bb7 22.
Bb5 Bxe4 23. Ba6 Bc6 24. b4 b5 25. a4 Nd4 26. axb5 Nxb5 27. Bxb5 Bxb5 28. Kf2 Rh5 29.
Rhe1 Bc6 30. Rc5 Rh4 31. b5 Rd4 32. bxc6 Rxd6 33. c7+ 1-0

[Event "Late-Titled-Tuesday-Blitz-April-30-2024"]
[Site "Chess.com"]
[Date "2024.04.30"]
[Round "10"]
[White "cristiano78"]
[Black "Romadk"]
[Result "0-1"]
[WhiteElo "2275"]
[BlackElo "2484"]
[TimeControl "180+1"]
[EndTime "15:51:13 PDT"]
[Termination "Romadk won by checkmate"]

1. d4 Nf6 2. c4 e6 3. Nf3 d5 4. Nc3 Bb4 5. Bg5 h6 6. Bxf6 Qxf6 7.
Rc1 O-O 8. Ne5 Nd7 9. Nxd7 Bxd7 10. e3 c5 11. dxc5 Bc6 12. cxd5 exd5 13. a3 Bxc5 14. Nxd5 Bxd5 15. Qxd5 b6 16. b4 Rfd8 17. Qc4 Qd6 18. Qc3 Rac8 19. bxc5 Rxc5 20. Qb2 Qd5 21. Rxc5 Qd1# 0-1

[Event "Late-Titled-Tuesday-Blitz-April-30-2024"]
[Site "Chess.com"]
[Date "2024.04.30"]
[Round "10"]
[White "Zhigalko_Sergei"]
[Black "Ajedrez_con_German"]
[Result "1-0"]
[WhiteElo "2873"]
[BlackElo "2628"]
[TimeControl "180+1"]
[EndTime "15:51:39 PDT"]
[Termination "Zhigalko_Sergei won by resignation"]

1. e4 e5 2. Nf3 Nf6 3. d4 Nxe4 4.
Bd3 d5 5. Nxe5 Nd7 6. Nxd7 Bxd7 7.
O-O Be7 8. c4 O-O 9. cxd5 Nf6 10. Nc3 Bg4 11. Qb3 Rb8 12. h3 Bh5 13. Re1 Qd7 14.
Bf4 Rfd8 15. Bb5 c6 16. dxc6 bxc6 17. Bxb8 cxb5 18. Be5 b4 19. Bxf6 Bxf6 20. Qxb4 Bxd4 21. Re7 Qf5 22. Qxd4 1-0

[Event "Late-Titled-Tuesday-Blitz-April-30-2024"]
[Site "Chess.com"]
[Date "2024.04.30"]
[Round "10"]
[White "balachess2006"]
[Black "Sanan_Sjugirov"]
[Result "0-1"]
[WhiteElo "2682"]
[BlackElo "2989"]
[TimeControl "180+1"]
[EndTime "15:51:46 PDT"]
[Termination "Sanan_Sjugirov won by resignation"]

1. c4 e5 2. Nc3 Nc6 3. g3 g6 4. Bg2 Bg7 5. e3 d6 6. Nge2 Be6 7. b3 Qd7 8. h3 Nf6 9. d4 exd4 10. Nxd4 Nxd4 11. Qxd4 O-O 12. Bb2 Nd5 13. Qd2 Nxc3 14. Bxc3 Bxc3 15. Qxc3 Rab8 16. Rd1 b6 17. Kf1 Rbe8 18.
Kg1 Bf5 19. Kh2 Be4 20. Rd4 Bxg2 21. Kxg2 Re6 22. Rhd1 Rfe8 23. Qd3 a5 24. a4 Qc6+ 25. Rd5 Qd7 26. Qe2 Qe7 27. R5d4 h5 28. h4 Re5 29.
Rd5 Rxd5 30. Rxd5 Qe4+ 31. Kh2 Re6 32. Qd1 Rf6 33. Rd2 Qe5 34. Rd4 Rxf2+ 0-1

[Event "Late-Titled-Tuesday-Blitz-April-30-2024"]
[Site "Chess.com"]
[Date "2024.04.30"]
[Round "10"]
[White "MITerryble"]
[Black "jefferyx"]
[Result "1/2-1/2"]
[WhiteElo "3044"]
[BlackElo "3113"]
[TimeControl "180+1"]
[EndTime "15:51:47 PDT"]
[Termination "Game drawn by repetition"]

1. d4 f5 2. Bg5 g6 3. Nc3 d5 4. e3 Bg7 5. Nf3 c6 6. Bf4 Nd7 7. h4 Ngf6 8. Ne5 O-O 9. Be2 Nxe5 10. Bxe5 h6 11. f4 h5 12. Bf3 b6 13. O-O Ba6 14. Rf2 e6 15. g3 c5 16. a4 Rc8 17. Nb5 Qd7 18. Qd3 Rf7 19. Qb3 c4 20. Qb4 Bf8 21. Bd6 Bg7 22. Be5 Bf8 23. Bd6 Bxb5 24. Bxf8 a5 25. Qxb5 Qxb5 26. axb5 Kxf8 27. c3 Ne8 28. Bd1 Nd6 29. Ba4 Ne4 30. Rg2 Nd6 31. Rf2 Ne4 32. Rg2 Nd6 33. Rf2 1/2-1/2

[Event "Late-Titled-Tuesday-Blitz-April-30-2024"]
[Site "Chess.com"]
[Date "2024.04.30"]
[Round "10"]
[White "PapaieDudu"]
[Black "Darkbluelord"]
[Result "1-0"]
[WhiteElo "2383"]
[BlackElo "2193"]
[TimeControl "180+1"]
[EndTime "15:51:56 PDT"]
[Termination "PapaieDudu won by resignation"]

1. Nf3 Nf6 2. d4 c5 3. dxc5 e6 4. b4 a5 5. c3 Ne4 6. Qc2 f5 7.
Nbd2 d5 8. e3 Be7 9. Bd3 O-O 10.
O-O Bf6 11. Bb2 Nc6 12. a3 e5 13. Rfd1 Nxd2 14. Nxd2 e4 15. Be2 Ne5 16. Nb3 a4 17. Na5 Qe8 18. Rxd5 Be6 19. Rd6 Nf7 20. Nxb7 Nxd6 21.
Nxd6 Qg6 22. c4 Rfd8 23. Rd1 Be7 24. Be5 Bxd6 25. Rxd6 Rxd6 26. cxd6 Bd7 27. c5 Rb8 28. c6 Qh6 1-0

[Event "Late-Titled-Tuesday-Blitz-April-30-2024"]
[Site "Chess.com"]
[Date "2024.04.30"]
[Round "10"]
[White "superchess02"]
[Black "dropstoneDP"]
[Result "1/2-1/2"]
[WhiteElo "2879"]
[BlackElo "3000"]
[TimeControl "180+1"]
[EndTime "15:51:59 PDT"]
[Termination "Game drawn by repetition"]

1. d4 d5 2. c4 dxc4 3. Nf3 Nf6 4. e3 e6 5. Bxc4 a6 6. O-O c5 7. Re1 Nc6 8. Nc3 b5 9. Bd3 Bb7 10. a4 b4 11. Ne4 Na5 12. Nxc5 Bxc5 13. dxc5 Be4 14.
Bxe4 Qxd1 15. Bc6+ Qd7 16. Bxd7+ Nxd7 17. c6 Nxc6 18.
e4 Nde5 19. Nxe5 Nxe5 20. Be3 Rc8 21. Bd4 f6 22. Bxe5 fxe5 23. Rac1 Ke7 24. Kf1 Rhd8 25. Ke2 b3 26. f3 Rxc1 27. Rxc1 Rd4 28. Rc3 Rxa4 29. Rxb3 Ra1 30. Rb7+ Kf6 31. Kf2 a5 32. b3 a4 33. bxa4 Rxa4 34. h4 h5 35. Rb8 Ra2+ 36. Kg3 g6 37. Rf8+ Kg7 38. Rb8 Kf6 39. Rf8+ Kg7 40.
Rb8 Kf6 1/2-1/2

[Event "Late-Titled-Tuesday-Blitz-April-30-2024"]
[Site "Chess.com"]
[Date "2024.04.30"]
[Round "10"]
[White "martinmena"]
[Black "ganzy"]
[Result "0-1"]
[WhiteElo "2108"]
[BlackElo "2271"]
[TimeControl "180+1"]
[EndTime "15:52:18 PDT"]
[Termination "ganzy won by checkmate"]

1. c4 c5 2. g3 g6 3. Bg2 Bg7 4. Nc3 Nf6 5. e4 O-O 6. d3 Nc6 7. Nge2 e6 8. O-O a6 9. h3 Rb8 10. Be3 d6 11. Qd2 b5 12. Bh6 Nd4 13. Bxg7 Kxg7 14. Nxd4 cxd4 15. Ne2 e5 16. b3 bxc4 17. bxc4 Bd7 18. Rfb1 Qc7 19. Rb3 Ba4 20. Rb2 Rxb2 21. Qxb2 Rb8 22. Qc1 Qb6 23. Qd2 Qb2 24.
Rd1 Bxd1 25. Qxd1 Qxa2 26. Nc1 Rb1 27. Nxa2 Rxd1+ 28. Kh2 a5 29. f4 Ra1 30. fxe5 dxe5 31. c5 Rxa2 32. c6 Rc2 33. g4 a4 34. g5 Nh5 35. c7 Nf4 36. Kg3 Rxg2+ 37. Kf3 Rc2 38. h4 a3 39. c8=Q Rxc8 40. h5 a2 41. h6+ Kg8 42. Kg4 a1=Q 43. Kf3 Qf1+ 44. Kg3 Qg2+ 45. Kh4 Qh3# 0-1

[Event "Late-Titled-Tuesday-Blitz-April-30-2024"]
[Site "Chess.com"]
[Date "2024.04.30"]
[Round "10"]
[White "Heliosis11"]
[Black "kleber2007"]
[Result "1-0"]
[WhiteElo "2424"]
[BlackElo "2497"]
[TimeControl "180+1"]
[EndTime "15:52:33 PDT"]
[Termination "Heliosis11 won by resignation"]

1. e4 c5 2. Nf3 d6 3. Bb5+ Nd7 4.
d4 cxd4 5. Qxd4 a6 6. Bxd7+ Bxd7 7. O-O Nf6 8. c4 g6 9. Nc3 Bg7 10. Qd3 O-O 11. Be3 b5 12. c5 b4 13. Ne2 Bb5 14. Qc2 dxc5 15. Rfd1 Qc7 16. Ned4 Ng4 17. Nxb5 Nxe3 18. Nxc7 Nxc2 19. Rac1 Rac8 20. Nxa6 Nd4 21. Nxc5 Ne2+ 22. Kf1 Nxc1 23. Rxc1 Bxb2 24. Rc2 Ba3 25. Nd4 Rc7 26. Ndb3 Rfc8 27. Ke2 e6 28. f3 Kg7 29. e5 h5 30. f4 Rd8 31. Nxe6+ fxe6 32. Rxc7+ Kh6 33. Re7 Rc8 34. Nd4 Bb2 35. Nxe6 Rc2+ 36. Kf3 Bc3 37. Ng5 1-0

[Event "Late-Titled-Tuesday-Blitz-April-30-2024"]
[Site "Chess.com"]
[Date "2024.04.30"]
[Round "10"]
[White "DeTimmerman"]
[Black "Casablanca"]
[Result "0-1"]
[WhiteElo "2780"]
[BlackElo "2651"]
[TimeControl "180+1"]
[EndTime "15:52:36 PDT"]
[Termination "Casablanca won by resignation"]

1. b4 e5 2. Bb2 Bxb4 3. Bxe5 Nf6 4. Nc3 Nc6 5. Bxf6 Qxf6 6. Nd5 Qd8 7. c4 O-O 8. Nf3 Re8 9. e3 Bf8 10. Be2 Ne7 11. Nxe7+ Bxe7 12. O-O d5 13. d4 Be6 14.
Qc2 c6 15. Rab1 Qd7 16. Ne5 Qc7 17. cxd5 Bxd5 18. Bc4 Rad8 19. Rfc1 Bxc4 20. Qxc4 Bd6 21. Nf3 Qe7 22. h3 g6 23. Rb3 Rd7 24. Rcb1 Bb8 25.
Qb4 Bd6 26. Qa4 a6 27. Qa5 Bc7 28. Qc3 Bd6 29. Nd2 Rc8 30. Qb2 b5 31. Rc1 c5 32.
dxc5 Rxc5 33. Nf3 Rdc7 34. Rxc5 Rxc5 35. Rd3 Be5 36. Qa3 Rc7 37. Qxe7 Rc1+ 0-1

[Event "Late-Titled-Tuesday-Blitz-April-30-2024"]
[Site "Chess.com"]
[Date "2024.04.30"]
[Round "10"]
[White "ural58"]
[Black "duone"]
[Result "1/2-1/2"]
[WhiteElo "2528"]
[BlackElo "2419"]
[TimeControl "180+1"]
[EndTime "15:52:44 PDT"]
[Termination "Game drawn by repetition"]

1. e4 c6 2. Nc3 d5 3. Nf3 Bg4 4. h3 Bxf3 5. Qxf3 e6 6. Be2 Nd7 7.
O-O Ngf6 8. exd5 exd5 9. Qg3 Qb8 10. Qxb8+ Rxb8 11. Re1 Be7 12. Bf3 Kd8 13. g3 Re8 14. Ne2 Kc7 15. d4 Bd6 16. Bf4 Bxf4 17. Nxf4 Rxe1+ 18. Rxe1 Re8 19. Rxe8 Nxe8 20. h4 Nd6 21. b3 Nf6 22.
Be2 Nfe4 23. Kg2 Nf5 24. Bd3 Nxd4 25. f3 Nf6 26. g4 h6 27. g5 hxg5 28. hxg5 Nd7 29.
Kg3 Ne6 30. Nxe6+ fxe6 31. f4 Kd6 32. Kg4 Nc5 33. Kh5 Nxd3 34. cxd3 Ke7 35. Kg6 Kf8 36. d4 Kg8 37. b4 b5 38. f5 exf5 39. Kxf5 Kf7 40.
g6+ Ke7 41. Ke5 a6 42. a3 Kd7 43. Kf5 Kd6 44. Kg4 Ke6 45. Kg5 Ke7 46. Kf5 Kd6 47. Kf4 Ke6 48. Kg5 Ke7 49. Kf5 Kd6 1/2-1/2

[Event "Late-Titled-Tuesday-Blitz-April-30-2024"]
[Site "Chess.com"]
[Date "2024.04.30"]
[Round "10"]
[White "Roedor"]
[Black "kylelancman"]
[Result "0-1"]
[WhiteElo "2383"]
[BlackElo "2510"]
[TimeControl "180+1"]
[EndTime "15:52:50 PDT"]
[Termination "kylelancman won on time"]

1. Nf3 Nf6 2. c4 e6 3. g3 a6 4. Bg2 b5 5. b3 Bb7 6. Bb2 c5 7.
O-O Be7 8. e3 O-O 9. Qe2 d5 10.
d4 bxc4 11. bxc4 cxd4 12. Nxd4 Nc6 13. Rd1 Qb6 14. Nc3 Nxd4 15. Rxd4 dxc4 16. Bxb7 Qxb7 17. Rxc4 Rac8 18. Rf4 Bd6 19. Rxf6 gxf6 20. Qg4+ Kh8 21. Nb5 Be5 22. Bxe5 fxe5 23. Nd6 Qb2 24. Rd1 Rc1 25. h4 Qd2 26. Rxc1 Qxc1+ 27. Kh2 Qc2 28. Qe4 Qxf2+ 0-1

[Event "Late-Titled-Tuesday-Blitz-April-30-2024"]
[Site "Chess.com"]
[Date "2024.04.30"]
[Round "10"]
[White "vladgoncharov"]
[Black "Atanejhad"]
[Result "1-0"]
[WhiteElo "2598"]
[BlackElo "2443"]
[TimeControl "180+1"]
[EndTime "15:52:55 PDT"]
[Termination "vladgoncharov won on time"]

1. d4 d5 2. c4 c6 3. Nf3 Nf6 4. e3 e6 5. Nbd2 Bd6 6. Bd3 dxc4 7. Nxc4 Bc7 8. O-O O-O 9. e4 h6 10. e5 Nd5 11. Qe2 Nd7 12. Qe4 f5 13. exf6 N7xf6 14.
Qh4 Bd7 15. Nce5 Be8 16. Re1 Nb4 17. Bb1 Nbd5 18. Qh3 Qe7 19. a3 Rd8 20. Ba2 Bh5 21. Bd2 Bxf3 22. Nxf3 Rfe8 23. Bb4 Qf7 24. Bd2 Nd7 25.
Re2 e5 26. dxe5 Nxe5 27. Nh4 Nf4 28. Bxf4 Nc4 29. Rxe8+ Rxe8 30. Bxc7 1-0

[Event "Late-Titled-Tuesday-Blitz-April-30-2024"]
[Site "Chess.com"]
[Date "2024.04.30"]
[Round "10"]
[White "slidingknight2775"]
[Black "alexrustemov"]
[Result "0-1"]
[WhiteElo "2630"]
[BlackElo "2880"]
[TimeControl "180+1"]
[EndTime "15:52:58 PDT"]
[Termination "alexrustemov won by checkmate"]

1. c4 c5 2. Nf3 g6 3. g3 Bg7 4.
Bg2 Nc6 5. O-O b6 6. Nc3 Bb7 7.
a3 Bxc3 8. bxc3 d6 9. d3 Nf6 10.
Rb1 Qc7 11. e4 h6 12. Ne1 h5 13. h3 Nd7 14. f4 O-O-O 15. Nc2 f5 16. Ne3 e6 17. d4 Nf6 18. d5 Na5 19. dxe6 Nxe4 20. Nd5 Qg7 21. Bb2 Nxc4 22. Ba1 Ncd2 23. Nxb6+ axb6 24. Rxb6 Qc7 25. Rb2 Nxf1 26. Bxf1 Rhe8 27. Qb3 c4 28.
Qb4 Qc5+ 29. Kg2 Qxb4 30. Rxb4 d5 31. Kh2 Rxe6 32. a4 Nd2 33. Bg2 Re2 34. Kh1 Rde8 35. a5 Re1+ 36. Kh2 R8e2 37. h4 Nf3+ 38. Kh3 Rh1+ 39.
Bxh1 Rh2# 0-1

[Event "Late-Titled-Tuesday-Blitz-April-30-2024"]
[Site "Chess.com"]
[Date "2024.04.30"]
[Round "10"]
[White "Slovineanu"]
[Black "rikchessmx"]
[Result "1-0"]
[WhiteElo "2469"]
[BlackElo "2284"]
[TimeControl "180+1"]
[EndTime "15:52:58 PDT"]
[Termination "Slovineanu won by resignation"]

1. d4 Nf6 2. Nf3 e6 3. c4 c5 4. d5 b5 5. dxe6 fxe6 6. cxb5 Bb7 7. Nc3 d5 8. Bg5 Bd6 9. e4 Nbd7 10. exd5 exd5 11.
Bd3 d4 12. Ne4 Qe7 13. O-O Bxe4 14. Bxe4 O-O-O 15. Re1 Qf7 16. Bc6 h6 17. Qa4 Nb8 18.
Bh4 Qc7 19. Bg3 Bxg3 20. hxg3 a6 21. Rac1 Qb6 22. Re5 Nfd7 23. Re7 axb5 24. Bxb5 Rhe8 25. Rxe8 Rxe8 26. Nxd4 Kd8 27. Nc6+ Nxc6 28. Bxc6 Re7 29. Rd1 Qc7 30. Bxd7 Rxd7 31. Rxd7+ Qxd7 32. Qxd7+ Kxd7 33. Kf1 Kc6 34. Ke2 Kb5 35. Kd3 Kb4 36. g4 g5 37.
g3 c4+ 38. Kd4 Kb5 39. f4 gxf4 40. gxf4 1-0

[Event "Late-Titled-Tuesday-Blitz-April-30-2024"]
[Site "Chess.com"]
[Date "2024.04.30"]
[Round "10"]
[White "katharinareinecke"]
[Black "maurovargas01"]
[Result "0-1"]
[WhiteElo "2024"]
[BlackElo "1966"]
[TimeControl "180+1"]
[EndTime "15:52:58 PDT"]
[Termination "maurovargas01 won by checkmate"]

1. e4 c5 2. Nf3 d6 3. Bb5+ Nd7 4. O-O a6 5. Bd3 b5 6. c3 c4 7. Bc2 Bb7 8. b3 Nb6 9. Qe2 Nf6 10. a4 g6 11. e5 dxe5 12. Nxe5 Bg7 13. bxc4 bxa4 14.
c5 Nbd5 15. Bxa4+ Kf8 16. d4 a5 17. Na3 Ba6 18. c4 Nc3 19. Qc2 Nxa4 20. Qxa4 Qxd4 21. Be3 Qxe5 22. Rab1 Ng4 23. Rfe1 Qxh2+ 24. Kf1 Qh1+ 25. Ke2 Qxg2 26. Rg1 Qe4 27. f3 Qxe3+ 28. Kf1 Qf2# 0-1

[Event "Late-Titled-Tuesday-Blitz-April-30-2024"]
[Site "Chess.com"]
[Date "2024.04.30"]
[Round "10"]
[White "canary2016"]
[Black "ExchangeAB"]
[Result "1/2-1/2"]
[WhiteElo "2283"]
[BlackElo "2451"]
[TimeControl "180+1"]
[EndTime "15:53:00 PDT"]
[Termination "Game drawn by repetition"]

1. d4 d5 2. c4 c6 3. Nf3 Nf6 4. g3 dxc4 5. e3 b5 6. a4 a6 7. b3 cxb3 8. axb5 cxb5 9. Bxb5+ Bd7 10. Bxd7+ Qxd7 11. Qxb3 Qd5 12. Qxd5 Nxd5 13. Bd2 Nc6 14. O-O e6 15. Nc3 Nxc3 16. Bxc3 Bb4 17. Bxb4 Nxb4 18. Rfb1 Nd5 19. Ne5 O-O 20. Nd7 Rfd8 21. Nc5 a5 22.
Rb5 a4 23. Rxa4 Rxa4 24. Nxa4 g6 25. Nc5 Ra8 26. Kg2 Ra2 27. Kf3 Nc3 28. Rb8+ Kg7 29. Rb7 Nd1 30. Nd3 Rd2 31. Rb3 f5 32. Ra3 Kf6 33. h3 h5 34. h4 Kg7 35. Rb3 Kf6 36. Ra3 Kg7 37. Ra7+ Kf8 38. Ra3 Kg7 1/2-1/2